Map: Orbital Shipyard

Players

Miszu - Winner!

  • Race: Terran Terran
  • League: Grandmaster

Kaerion

  • Race: Protoss Protoss
  • League: Gold

VOD

Have the link to the VOD?

Description

Time

  • Played on: Feb. 17, 2016, 12:57 p.m.
  • Length: 10:19
Show
View Real Time Build Order
Export as new Build Order

Miszu Terran - Winner!

Build Orders: Hellion Opening 

Get SALT Encoding   

  12  0:00  SCV  
  13  0:12  SCV  
  14  0:17  Supply Depot  
  14  0:24  SCV  
  15  0:39  SCV  
  15  0:40  Barracks  
  16  0:43  Refinery  
  16  0:51  SCV  
  17  1:03  SCV  
  18  1:16  SCV  
  19  1:28  Orbital Command  
  19  1:31  Marine  
  20  1:41  Command Center  
  20  1:51  Supply Depot  
  20  1:55  SCV  
  21  2:03  Factory  
  21  2:07  SCV  
  22  2:10  Barracks Reactor  
  22  2:19  SCV  
  23  2:32  SCV  
  24  2:46  Factory  
  24  2:49  SCV  
  25  2:55  Hellion x2  
  25  2:57  Barracks Reactor  
  29  3:02  SCV, Orbital Command  
  30  3:14  SCV  
  30  3:16  Hellion x2  
  35  3:26  SCV  
  36  3:27  Supply Depot, SCV  
  37  3:36  Widow Mine  
  37  3:37  Widow Mine  
  37  3:38  SCV  
  37  3:39  SCV  
  37  3:40  Engineering Bay  
  45  3:41  Hellion  
  45  3:49  Hellion  
  45  3:50  Supply Depot, SCV  
  48  3:58  Factory  
  48  4:01  SCV  
  49  4:08  Hellion x3  
  53  4:15  Hellion  
  55  4:17  SCV  
  55  4:18  SCV  
  55  4:22  Supply Depot, Barracks Tech Lab  
  57  4:29  Hellion  
  57  4:30  SCV  
  60  4:33  SCV  
  61  4:44  Supply Depot, Hellion x3  
  67  4:45  SCV  
  67  4:52  Hellion  
  70  5:06  Hellion x3, Cyclone  
  75  5:15  Missile Turret  
  75  5:16  Missile Turret  
  75  5:18  Hellion  
  77  5:24  SCV  
  77  5:27  Supply Depot  
  77  5:28  Supply Depot  
  78  5:29  Supply Depot  
  78  5:32  Supply Depot  
  78  5:39  Missile Turret  
  78  5:44  SCV  
  78  5:49  Hellion x3, SCV  
  85  5:53  Hellion  
  85  5:55  Cyclone  
  90  6:07  Refinery x2  
  90  6:10  Hellion x3  
  96  6:14  Hellion  
  96  6:18  Supply Depot, SCV x2  
  100  6:27  Refinery  
  100  6:30  SCV x2  
  100  6:43  Hellion x2  
  100  6:44  Hellion, Cyclone  
  100  6:45  SCV x2  
  111  6:49  Supply Depot  
  111  6:52  Supply Depot  
  109  7:06  Hellion  
  109  7:07  Hellion x3, SCV  
  109  7:08  SCV  
  117  7:16  Mag-Field Accelerator, Cyclone  
  120  7:32  Hellion x3  
  120  7:35  Supply Depot  
  126  7:48  Cyclone  
  125  8:01  Hellion x4  
  125  8:02  SCV  
  125  8:04  Supply Depot  
  134  8:06  Supply Depot  
  134  8:07  Supply Depot  
  132  8:20  Cyclone  
  132  8:24  Hellion x3  
  141  8:34  Factory  
  141  8:43  Hellion  
  141  8:45  Hellion  
  145  8:50  Hellion  
  145  8:52  Cyclone  
  145  8:53  Factory  
  145  8:54  Supply Depot  
  150  9:24  Cyclone  
  153  9:32  Hellion x3  
  153  9:33  Hellion  
  153  9:36  Ghost Academy  
  161  9:41  Command Center  
Show
View Real Time Build Order
Export as new Build Order

Kaerion Protoss 

Build Orders: Dark Templar Rush 

Get SALT Encoding   

  12  0:01  Probe (Chrono Boost)  
  13  0:12  Probe (Chrono Boost)  
  14  0:22  Pylon, Probe (Chrono Boost)  
  15  0:40  Probe (Chrono Boost)  
  15  0:42  Gateway  
  16  0:50  Assimilator  
  16  0:51  Probe (Chrono Boost)  
  16  0:56  Assimilator  
  17  1:08  Pylon  
  17  1:24  Probe (Chrono Boost)  
  18  1:31  Cybernetics Core  
  18  1:32  Zealot (Chrono Boost)  
  20  1:34  Probe  
  21  1:46  Probe  
  22  1:53  Pylon  
  22  1:58  Probe (Chrono Boost)  
  23  2:10  Mothership Core (Chrono Boost)  
  23  2:15  Warp Gate (Chrono Boost)  
  25  2:19  Twilight Council  
  25  2:30  Probe  
  26  2:38  Gateway  
  26  2:46  Gateway  
  26  2:51  Probe  
  27  3:03  Dark Shrine  
  27  3:11  Probe  
  28  3:21  Robotics Facility  
  28  3:30  Gateway  
  28  3:42  Pylon  
  28  4:09  Pylon  
  28  4:13  Pylon  
  26  4:17  Warp Prism (Chrono Boost)  
  28  5:01  Dark Templar x4  
  28  5:23  Nexus  
  28  5:34  Dark Templar x2  
  32  5:36  Zealot x2  
  26  5:58  Assimilator  
  26  6:02  Dark Templar  
  26  6:03  Zealot  
  26  6:04  Assimilator  
  30  6:09  Zealot  
  32  6:20  Dark Templar  
  32  6:35  Sentry  
  32  6:45  Probe  
  33  6:51  Zealot x2  
  37  6:55  Probe  
  38  7:02  Stalker x2  
  38  7:06  Probe  
  43  7:14  Forge  
  43  7:16  Probe  
  43  7:17  Stalker  
  43  7:21  Sentry  
  48  7:27  Probe  
  49  7:32  Zealot  
  51  7:39  Stalker  
  53  7:52  Dark Templar  
  53  7:53  Zealot x2  
  59  8:03  Cybernetics Core  
  59  8:07  Probe  
  60  8:16  Stalker  
  60  8:17  Probe  
  60  8:18  Sentry  
  63  8:26  Zealot  
  65  8:28  Probe  
  66  8:38  Probe  
  67  8:44  Stalker x2  
  67  8:45  Photon Cannon  
  71  8:55  Photon Cannon  
  71  9:02  Stalker  
  73  9:10  Stalker x2  
  77  9:19  Pylon  
  77  9:21  Pylon  
  75  9:41  Pylon  
  75  9:44  Dark Templar, Pylon  
Tags
 
Add a new tag
Caveats
  • Supply blocks, unpowered buildings, or Contaminate may cause inaccurate times.
  • Supply counts are checked every 10 seconds.